 Dungeon Crawl Stone Soup version 0.18-a0-1197-g8004e50 (webtiles) character file.

503 Ghalim the Skirmisher (level 7, 0/56 HPs)
             Began as a Human Conjurer on Jan 30, 2016.
             Succumbed to a worker ant's poison
             ... in the Ecumenical Temple.
             The game lasted 00:25:31 (8481 turns).

Ghalim the Skirmisher (Human Conjurer)              Turns: 8481, Time: 00:25:31

Health: 0/56       AC:  6    Str: 16    XL:     7   Next: 40%
Magic:  7/10       EV: 12    Int: 15    God:
Gold:   181        SH:  0    Dex: 13    Spells: 1 memorised, 9 levels left

rFire  . . .     SeeInvis .     d - +0 club
rCold  . . .     Gourm    .     x - +0 leather armour
rNeg   . . .     Faith    .     (no shield)
rPois  .         Spirit   .     h - +1 helmet
rElec  .         Dismiss  .     (no cloak)
rCorr  .         Reflect  .     w - +0 pair of gloves
SustAt .         Harm     .     (no boots)
MR     .....                    (no amulet)
Stlth  +++.......               j - ring of flight
                                f - ring of stealth

@: mighty, lethally poisoned (0 -> -9), not resistant to hostile enchantments,
fairly stealthy
A: no striking features
a: Evoke Flight


You were in the Ecumenical Temple.
You were not hungry.

You visited 2 branches of the dungeon, and saw 5 of its levels.

You collected 181 gold pieces.

Inventory:

Hand Weapons
 d - a +0 club (weapon)
Armour
 h - a +1 helmet (worn)
 w - a +0 pair of gloves (worn)
 x - a +0 leather armour (worn)
Jewellery
 f - a ring of stealth (left hand)
 j - a ring of flight (right hand)
Wands
 l - a wand of slowing (12/48)
 n - a wand of draining (10/15)
Scrolls
 i - 2 scrolls of remove curse
 o - 2 scrolls of identify
 p - a scroll of amnesia {unknown}
 u - a scroll of immolation {unknown}
 v - a scroll of teleportation
Potions
 e - a potion of ambrosia
 r - a potion of poison {unknown}
 s - a potion of brilliance {unknown}
 t - a potion of might
Books
 b - a book of Conjurations

   Spells                             Type                      Level
   a - Magic Dart                     Conjuration                  1
   b - Searing Ray                    Conjuration                  2
   c - Dazzling Spray                 Conjuration/Hexes            3
   d - Fulminant Prism                Conjuration/Hexes            4
   e - Iskenderun's Mystic Blast      Conjuration                  4
   f - Iskenderun's Battlesphere      Conjuration/Charms           5
Comestibles
 a - 6 chunks of flesh
 c - 5 bread rations
 g - 2 meat rations
 k - 3 slices of pizza
 q - a beef jerky


   Skills:
 + Level 5.0 Fighting
 + Level 4.9 Maces & Flails
 - Level 2.0 Dodging
 - Level 2.0 Stealth
 - Level 2.0 Spellcasting
 - Level 4.0 Conjurations


You had 9 spell levels left.
You knew the following spells:

 Your Spells              Type           Power        Failure   Level  Hunger
a - Magic Dart            Conj           ##..         6%          1    #......


Dungeon Overview and Level Annotations

Branches:
Dungeon (4/15)             Temple (1/1) D:4

Altars:
Ashenzari
Gozag
Makhleb
Nemelex Xobeh
Pakellas
Qazlal
Zin

Shops:
D:3 *

Annotations:
D:4 Edmund


Message History

Aiming: Magic Dart
Press: ? - help, Shift-Dir - straight line, f/p - worker ant
Aim: a worker ant (severely wounded)
The magic dart hits the worker ant.
The worker ant is severely wounded.
The worker ant bites you.
* * * LOW HITPOINT WARNING * * *
You are lethally poisoned!
The worker ant poisons you!
Drink which item? (? for menu, Esc to quit)
You feel very mighty all of a sudden.
* * * LOW HITPOINT WARNING * * *
You feel sick. The worker ant bites you.
* * * LOW HITPOINT WARNING * * *
The worker ant bites you but does no damage.
Unknown command.
You hit the worker ant.
You kill the worker ant!
Your Fighting skill increases to level 5!
You die...

_............._
...............
...............
...............
.....⌠...⌠.....
...............
........†......
..⌠....@....⌠..
...............
...............
.....⌠...⌠.....
...............
...............
...............
_............._


There were no monsters in sight!

Vanquished Creatures
  A jelly (D:1)
  A hound (D:4)
  Ijyb (D:1)
  An iguana (D:4)
  An orc wizard (D:3)
  4 worker ants
  Robin (D:2)
  7 gnolls
  7 adders
  An ooze (D:1)
  A worm (D:1)
  4 giant geckos
  6 orcs (D:3)
  2 ball pythons
  10 giant cockroaches
  12 hobgoblins
  11 jackals
  2 quokkas (D:4)
  4 bats
  2 giant newts
  22 goblins
  6 kobolds
  A quokka skeleton (D:4)
  9 rats
117 creatures vanquished.

Notes
Turn   | Place    | Note
--------------------------------------------------------------
     0 | D:1      | Ghalim the Human Conjurer began the quest for the Orb.
     0 | D:1      | Reached XP level 1. HP: 13/13 MP: 3/3
     1 | D:1      | Found a runed door.
   213 | D:1      | Reached skill level 1 in Fighting
   304 | D:1      | Reached XP level 2. HP: 21/21 MP: 3/5
   374 | D:1      | Reached skill level 1 in Maces & Flails
  1076 | D:2      | Reached XP level 3. HP: 22/27 MP: 0/6
  1356 | D:2      | Noticed Robin
  2196 | D:2      | Noticed Ijyb
  2221 | D:1      | Killed Ijyb
  2221 | D:1      | Reached XP level 4. HP: 23/34 MP: 1/7
  3231 | D:2      | Killed Robin
  3231 | D:2      | Reached XP level 5. HP: 32/40 MP: 0/8
  4415 | D:2      | HP: 2/41 [giant gecko (2)]
  4452 | D:2      | HP: 1/41 [giant gecko (4)]
  4927 | D:1      | Reached XP level 6. HP: 43/47 MP: 9/9
  5401 | D:3      | Found Zin's Purification Station.
  5404 | D:3      | Found a glowing silver altar of Zin.
  6034 | D:3      | Found an oddly glowing altar of Pakellas.
  6035 | D:3      | Found a shattered altar of Ashenzari.
  7224 | D:4      | Reached XP level 7. HP: 32/55 MP: 8/10
  7827 | D:4      | Noticed Edmund
  8214 | D:4      | Found a staircase to the Ecumenical Temple.
  8470 | Temple   | Entered the Ecumenical Temple
  8480 | Temple   | HP: 1/55 [worker ant (3)]
  8481 | Temple   | Reached skill level 5 in Fighting
  8481 | Temple   | Succumbed to a worker ant's poison

Vault maps used:
D:1:      dpeg_arrival_caged_fury
D:2:      uniq_robin, uniq_iyjb
D:3:      zin_purify, nicolae_overflow_hidden_temple, first_bread,
          minmay_goblin_outpost
D:4:      minmay_temple_entry_grid, uniq_edmund
Temple:   circular_temple_12

Action                   |  1- 3 |  4- 6 |  7- 9 || total
-------------------------+-------+-------+-------++-------
Melee: Club              |    44 |   300 |    55 ||   399
 Cast: Magic Dart        |    65 |   150 |    53 ||   268
  Use: Scroll            |       |     7 |       ||     7
       Potion            |       |       |     1 ||     1
 Stab: Distracted        |       |     1 |       ||     1
  Eat: Chunk             |     5 |    12 |     6 ||    23
       Meat ration       |       |     1 |       ||     1
       Beef jerky        |       |     1 |       ||     1
